Map: Acid Plant LE

Players

axu

  • Race: Protoss Protoss
  • League: Platinum
  • Spawn Location: 11:00

Moriarty - Winner!

  • Race: Protoss Protoss
  • League: Platinum
  • Spawn Location: 5:00

VOD

Have the link to the VOD?

Description

Time

  • Played on: Feb. 23, 2018, 1:02 p.m.
  • Length: 12:52
Show
View Real Time Build Order
Export as new Build Order

axu Protoss 

Build Orders: 1 Gate Expand, Dark Templar Rush 

Get SALT Encoding   

  12  0:01  Probe  
  13  0:17  Pylon  
  13  0:26  Probe  
  14  0:38  Probe  
  15  0:45  Gateway  
  15  0:50  Probe  
  15  0:54  Assimilator  
  16  1:02  Probe  
  17  1:14  Probe  
  18  1:26  Probe  
  19  1:34  Nexus  
  19  1:41  Cybernetics Core  
  19  2:13  Probe  
  20  2:17  Warp Gate  
  20  2:25  Assimilator  
  20  2:32  Probe  
  21  2:44  Twilight Council  
  21  2:54  Pylon  
  21  2:55  Probe x2  
  23  3:06  Pylon  
  23  3:07  Probe (Chrono Boost)  
  23  3:08  Probe (Chrono Boost)  
  23  3:10  Adept  
  27  3:19  Probe (Chrono Boost)  
  29  3:20  Probe (Chrono Boost)  
  29  3:25  Probe x2 (Chrono Boost)  
  31  3:27  Dark Shrine  
  31  3:30  Gateway  
  31  3:32  Gateway  
  31  3:33  Probe  
  32  3:38  Gateway  
  32  3:43  Probe  
  32  3:45  Probe  
  34  3:53  Pylon  
  34  3:55  Probe  
  35  3:57  Probe  
  36  4:07  Probe  
  38  4:10  Probe  
  38  4:14  Pylon  
  39  4:24  Probe  
  39  4:25  Probe  
  40  4:36  Probe  
  40  4:37  Probe  
  42  4:42  Dark Templar x3  
  48  4:49  Assimilator  
  48  4:52  Assimilator  
  48  4:54  Robotics Facility  
  40  5:29  Stalker x2  
  40  5:30  Stalker x2  
  40  5:33  Probe x2  
  50  5:45  Immortal (Chrono Boost), Probe x2  
  56  5:57  Shield Battery, Probe x2  
  56  5:59  Shield Battery  
  56  6:03  Shield Battery  
  58  6:06  Stalker  
  58  6:07  Stalker x2  
  58  6:08  Zealot  
  58  6:09  Probe x2  
  58  6:11  Charge (Chrono Boost)  
  68  6:29  Sentry  
  70  6:32  Nexus  
  70  6:39  Pylon  
  70  6:42  Pylon x2  
  70  6:45  Pylon  
  70  6:57  Immortal (Chrono Boost), Probe x2  
  70  6:58  Zealot  
  70  7:00  Zealot x2  
  70  7:01  Zealot  
  84  7:08  Gateway  
  84  7:09  Gateway, Probe x2  
  84  7:11  Gateway  
  84  7:13  Forge  
  84  7:14  Forge  
  86  7:27  Probe x2  
  86  7:28  Observer (Chrono Boost)  
  89  7:39  Zealot x2  
  89  7:40  Zealot x2  
  97  7:45  Immortal (Chrono Boost)  
  101  7:54  Probe x3  
  104  8:06  Probe x2  
  106  8:14  Assimilator  
  106  8:17  Observer  
  107  8:20  Assimilator  
  107  8:22  Pylon  
  107  8:24  Pylon  
  107  8:27  Pylon  
  107  8:30  Probe x3  
  107  8:33  Zealot x3  
  116  8:39  Protoss Ground Weapons Level 1 (Chrono Boost)  
  116  8:40  Protoss Ground Armor Level 1 (Chrono Boost)  
  116  8:42  Probe x3, Pylon  
  116  8:43  Pylon  
  116  8:45  Pylon  
  119  8:49  Stargate  
  119  8:54  Probe  
  120  9:00  Robotics Facility  
  120  9:03  Shield Battery  
  120  9:04  Shield Battery  
  120  9:08  Shield Battery  
  118  9:17  Zealot  
  118  9:18  Zealot x4  
  118  9:19  Zealot x2  
  118  9:20  Immortal (Chrono Boost)  
  136  9:33  Void Ray  
  140  9:46  Dark Templar x5  
  140  9:47  Dark Templar x2  
  140  9:50  Archon x3, Immortal x2 (Chrono Boost)  
  162  10:02  Pylon x2  
  162  10:05  Pylon  
  144  10:30  Zealot x5  
  119  10:43  Zealot x2  
  123  10:59  Gateway x2  
  123  11:02  Gateway x2  
  123  11:03  Dark Templar x5  
  123  11:04  Dark Templar x2  
  135  11:07  Archon x3  
  129  11:15  Void Ray  
  127  11:28  Immortal  
  127  11:30  Immortal  
  129  11:36  Zealot x4  
  129  11:37  Zealot  
  111  11:45  Zealot x2  
  87  11:57  Zealot x4  
  87  11:58  Zealot x2  
  87  11:59  Zealot  
  97  12:05  Zealot x2  
  97  12:06  Zealot  
  44  12:23  Zealot x2  
  44  12:24  Zealot, Dark Templar x2  
  50  12:30  Dark Templar  
  50  12:35  Dark Templar  
Show
View Real Time Build Order
Export as new Build Order

Moriarty Protoss - Winner!

Build Orders: 1 Gate Expand, Blink Stalkers 

Get SALT Encoding   

  12  0:01  Probe  
  13  0:13  Probe  
  14  0:24  Pylon  
  14  0:25  Probe  
  15  0:42  Probe  
  16  0:47  Gateway  
  16  0:54  Probe  
  17  1:01  Assimilator  
  17  1:06  Probe  
  18  1:27  Nexus  
  18  1:29  Probe  
  19  1:40  Cybernetics Core  
  19  1:42  Probe  
  20  1:55  Probe  
  21  2:04  Pylon  
  21  2:08  Probe  
  22  2:11  Warp Gate  
  22  2:12  Gateway  
  22  2:27  Assimilator  
  22  2:33  Pylon  
  22  2:42  Probe x2  
  24  2:54  Probe  
  25  3:00  Pylon  
  25  3:01  Probe  
  25  3:04  Stalker (Chrono Boost)  
  28  3:06  Probe  
  28  3:07  Stalker (Chrono Boost)  
  31  3:13  Probe  
  31  3:19  Probe, Forge  
  33  3:25  Twilight Council  
  33  3:29  Probe  
  33  3:31  Probe  
  35  3:34  Stalker (Chrono Boost)  
  35  3:41  Probe  
  38  3:46  Pylon  
  38  3:52  Probe  
  38  3:53  Probe  
  40  4:00  Blink (Chrono Boost)  
  40  4:02  Photon Cannon  
  40  4:04  Probe  
  40  4:05  Probe  
  42  4:16  Probe  
  43  4:17  Probe, Photon Cannon  
  44  4:28  Gateway  
  44  4:30  Gateway  
  44  4:35  Pylon  
  44  4:42  Assimilator  
  44  4:45  Assimilator  
  44  4:47  Sentry  
  44  4:49  Stalker  
  48  4:52  Photon Cannon  
  48  4:55  Protoss Ground Weapons Level 1 (Chrono Boost), Probe  
  48  4:56  Probe  
  50  5:08  Probe  
  51  5:29  Stalker x2  
  55  5:41  Robotics Facility  
  55  5:43  Templar Archives  
  55  5:45  Gateway  
  55  5:47  Gateway  
  55  5:49  Gateway  
  55  5:50  Probe  
  55  5:51  Gateway, Probe  
  55  5:53  Pylon  
  57  5:59  Stalker x2  
  61  6:25  Nexus  
  61  6:28  Pylon  
  61  6:29  Psionic Storm, Observer (Chrono Boost)  
  62  6:34  Protoss Ground Weapons Level 2  
  62  6:44  Warp Prism (Chrono Boost)  
  64  6:49  Stalker x3  
  64  6:51  Zealot  
  72  7:06  Pylon  
  72  7:10  Pylon  
  72  7:38  High Templar x3  
  72  7:41  Zealot  
  72  7:42  Zealot x4  
  88  8:02  Zealot  
  88  8:03  Zealot x4  
  88  8:04  Charge (Chrono Boost)  
  98  8:20  Stalker x3  
  104  8:29  High Templar  
  105  8:35  Stalker x2  
  105  8:39  Observer (Chrono Boost)  
  105  8:40  Protoss Ground Armor Level 1 (Chrono Boost)  
  110  8:56  Probe x3  
  113  9:04  Assimilator x2  
  113  9:06  Photon Cannon  
  113  9:07  Gateway  
  113  9:08  Photon Cannon  
  113  9:09  Photon Cannon  
  113  9:10  Zealot, Gateway x2  
  113  9:11  Zealot x2  
  119  9:18  High Templar  
  119  9:24  High Templar  
  123  9:26  Archon  
  123  9:27  Archon  
  123  9:29  Archon  
  123  9:34  Stalker  
  125  9:47  Pylon x2  
  125  9:48  Pylon  
  125  9:49  Pylon  
  125  9:55  Archon  
  125  10:07  Stalker x2  
  125  10:08  Stalker  
  125  10:09  Zealot  
  125  10:10  Zealot x2  
  125  10:11  Zealot  
  125  10:12  Zealot  
  141  10:27  Stalker x3  
  133  10:34  Zealot x2  
  133  10:35  Zealot x2  
  121  10:49  Stalker x2  
  125  10:50  Stalker x3  
  125  10:52  Stalker x2  
  125  11:16  Stalker x2  
  125  11:17  Stalker x2  
  129  11:18  Zealot x2  
  129  11:19  Zealot x5  
  107  12:03  Zealot x2  
  107  12:04  Zealot x6  
  107  12:05  Zealot x2  
  119  12:24  Zealot x2  
  119  12:25  Zealot x5  
  119  12:26  Zealot x3  
  119  12:27  Zealot  
Tags
 
Add a new tag
Caveats
  • Supply blocks, unpowered buildings, or Contaminate may cause inaccurate times.
  • Supply counts are checked every 10 seconds.